 Dungeon Crawl Stone Soup version 0.30-b1-2-g02819fbbbe (webtiles) character file.

Game seed: 3646567575602728700

33 Alarkh the Sneak (level 3, 29/29 HPs)
             Began as a Demonspawn Delver on May 22, 2023.
             Was a Follower of Uskayaw.
             Got out of the dungeon alive.
             The game lasted 00:01:59 (1110 turns).

Alarkh the Sneak (Demonspawn Delver)                Turns: 1110, Time: 00:01:59

Health: 29/29      AC:  3    Str: 12    XL:     3   Next: 12%
Magic:  3/3        EV: 11    Int: 13    God:    Uskayaw [*.....]
Gold:   71         SH:  0    Dex: 14    Spells: 2/2 levels left

rFire   . .          .
                       - Unarmed
rCold   + . .        (no shield)
rNeg    . . .        a - +0 leather armour
rPois   .            (no helmet)
rElec   .            (no cloak)
rCorr   .            (no gloves)
SInv    .            (no boots)
Will    .....        (no amulet)
Stlth   ++           e - ring of protection from cold
HPRegen 0.24/turn    (no ring)
MPRegen 0.08/turn

%: no passive effects
@: no status effects
A: powered by pain 1, spiny 1
a: Renounce Religion, Stomp


You escaped.
You worshipped Uskayaw.
Uskayaw was noncommittal.
You visited 2 branches of the dungeon, and saw 6 of its levels.

You collected 71 gold pieces.

Inventory:

Armour
 a - a +0 leather armour (worn)
Jewellery
 e - a ring of protection from cold (left hand)
Wands
 f - a wand of digging (3)
Scrolls
 b - 2 scrolls of fog
 c - a scroll of magic mapping
 d - a scroll of fear
 g - 4 scrolls of identify
 h - a scroll of immolation {unknown}
Potions
 i - a potion of haste


   Skills:
 - Level 3.0 Fighting
 - Level 1.7 Dodging
 - Level 4.5 Stealth
 + Level 3.3 Unarmed Combat


You had 2 spell levels left.
You didn't know any spells.
Your spell library contained the following spells:

 Spells                   Type           Power      Damage    Failure   Level
 Magic Dart               Conj           0%         1d3       36%         1
 Searing Ray              Conj           0%         2d4       52%         2
 Animate Dead             Necr           0%         N/A       98%         4
 Fulminant Prism          Conj/Hex       0%         3d5       98%         4
 Borgnjor's Vile Clutch   Necr/Erth      0%         N/A       100%        5
 Death Channel            Necr           0%         N/A       100%        6


Dungeon Overview and Level Annotations

Branches:
Dungeon (5/15)             Temple (1/1) D:5

Altars:
Ashenzari
Dithmenos
Fedhas
Hepliaklqana
Kikubaaqudgha
Makhleb
Nemelex Xobeh
Qazlal
Sif Muna
Trog
Uskayaw
Vehumet
Wu Jian
Xom
Yredelemnul

Annotations:
D:3 2 transporters, Alarkh's ghost, weakling DsDe


Innate Abilities, Weirdness & Mutations

You sometimes gain a little power by taking damage.
You are partially covered in sharp spines.


Message History

You barely miss the hobgoblin.
The hobgoblin is heavily wounded.
The hobgoblin hits you.
You hit the hobgoblin.
You kill the hobgoblin!
You see here a hobgoblin corpse.
You now have 71 gold pieces (gained 13).
h - a scroll labelled MUCYHUSS LALAU
Things that are here:
2 poisoned darts; a bat corpse
i - a potion of haste
Things that are here:
2 poisoned darts; a bat corpse You see here a hobgoblin corpse.
A goblin comes into view. It is wielding a +0 club.
An endoplasm comes into view.
The goblin shouts!
Found 4 curare-tipped darts.
The goblin hits you with a +0 club.
You barely miss the goblin. The goblin hits you but does no damage.
You closely miss the goblin. The goblin misses you.
The endoplasm quivers.
You hit the goblin.
You kill the goblin!
The endoplasm is struck by your spines. The endoplasm barely misses you.
You hit the endoplasm.
You kill the endoplasm!
No target in view!
No target in view!
No target in view!
No target in view!
Things that are here:
a +0 club; a goblin corpse
(D) Dungeon (T) Temple
Where to? (Enter - D:1 @ (x,y), ? - help)
There is a stone staircase leading down here.
There is an open door here.
There is a staircase leading out of the dungeon here.
Are you sure you want to leave the Dungeon?
This will make you lose the game!
You have escaped!

##............).........##
##......##...............#
............)............#
.......####.............##
..)..#.......#........#.##
.....#.##.#############..#
.....#.##.'...~≈≈≈≈...'..#
.....#....##..#####..##..####
###.#####.#..♣♣P@P♣♣..##....#
#. #.##..♣♣.♣♣..######.# ##
#.#♣.........♣ .#
#.#♣.♣.~~~.♣.♣ ..
###♣..~~8~~..♣ .. ♣.♣.~~~.♣.♣
.. ♣.........♣ . #..♣♣.♣♣..#
#..♣


P>P ♣..# There were no monsters in sight!

Vanquished Creatures
  An adder (D:2)
  An orc (D:3)
  4 endoplasms
  A giant cockroach (D:3)
  3 goblins (D:1)
  4 hobgoblins (D:1)
  A quokka (D:1)
  3 bats
  A rat (D:1)
19 creatures vanquished.

Notes
Turn   | Place    | Note
-------+----------+-------------------------------------------
     0 | D:5      | Alarkh the Demonspawn Delver began the quest for the Orb.
     0 | D:5      | Reached XP level 1. HP: 18/18 MP: 1/1
    86 | D:5      | Found a staircase to the Ecumenical Temple.
   111 | D:5      | Noticed a sleepcap
   133 | Temple   | Entered the Ecumenical Temple
   327 | Temple   | Became a worshipper of Uskayaw the Reveller
   372 | D:4      | Noticed a sleepcap
   406 | D:3      | Reached * piety under Uskayaw
   444 | D:3      | Reached ** piety under Uskayaw
   445 | D:3      | Noticed Alarkh's ghost (weakling DsDe)
   445 | D:3      | Noticed an ogre
   445 | D:3      | Identified the +3 dire flail "Zistrotea" {pain, rF- Will+++
                  | Str+2 Dex-2}
   445 | D:3      | Noticed an ogre
   446 | D:3      | Found a transporter.
   446 | D:3      | Found a transporter.
   519 | D:2      | Gained mutation: You are partially covered in sharp spines.
                  | [demonic ancestry]
   519 | D:2      | Reached XP level 2. HP: 8/24 MP: 2/2
   889 | D:1      | Reached *** piety under Uskayaw
   994 | D:1      | Gained mutation: You sometimes gain a little power by
                  | taking damage. [demonic ancestry]
   994 | D:1      | Reached XP level 3. HP: 14/29 MP: 3/3
  1110 | D:$      | Got out of the dungeon alive.

Illustrated notes

Levels and vault maps discovered:
D:1:      tarquinn_simple_flora_water_b, layout_rooms, serial_curves,
          eino_curves_01, eino_curves_01, eino_curves_01, minmay_split_cup_large
D:2:      layout_basic
D:3:      layout_loops_ring, gammafunk_ghost_smash, minmay_door_square,
          kennysheep_another_room, nicolae_figureground_sparkle
D:4:      layout_basic, reono_crystal_passage, uniq_grinder, uniq_blork_the_orc,
          uniq_duvessa
D:5:      dreamdust_elfheim, layout_loops_ring,
          minmay_temple_entry_antechambers, serial_shops, nicolae_diamond_shop,
          kennysheep_donut, nicolae_underground_beach
Temple:   nicolae_temple_bog_church

Skill      XL: |  1  2 |
---------------+-------+-----
Unarmed Combat | 2 3 |  3.3
Fighting       | |  3.0
Dodging        | |  1.7
Stealth        | |  4.5

Action                     || total
---------------------------++-------
  Melee: Unarmed           ||    75
         Punch             ||     3
    Use: Potion            ||     2
         Scroll            ||     1
   Stab: Sleeping          ||     4
         Paralysed         ||     1
 Armour: Leather armour    ||    17
  Dodge: Dodged            ||    41
